Cogmind - Beta 11.1 @@@ ROGUE MODE // 2022.05.12 @ 22:17:03 Player: Olga Result: Self-destructed Performance ------------- Evolutions (3) 1500 Regions Visited (4) 800 Robots Destroyed (0) 0 Value Destroyed (110) 110 Prototype IDs (1) 20 Alien Tech Used (0) 0 Bonus (834) 834 TOTAL SCORE: 3264 Bonus ------- Pacifist 834 Cogmind --------- Core Integrity 74/700 Matter 185/300 Energy 66/100 System Corruption 0% Temperature Cool (4) Movement Flying (32) Location -7/Factory Parts ------- > --- POWER (1) -------- (None) > --- PROPULSION (6) --- Improved VTOL Module Improved VTOL Module > --- UTILITY (4) ------ (None) > --- WEAPON (2) ------- (None) > --- INVENTORY (5) ---- Improved Medium Armor Plating Peak State ------------ > --- POWER ------------ (None) > --- PROPULSION ------- Improved VTOL Module Improved VTOL Module > --- UTILITY ---------- Hacking Suite > --- WEAPON ----------- Mini Grenade Launcher > --- INVENTORY -------- Improved Medium Armor Plating [Rating: 13] Favorites ----------- Power None Propulsion Improved VTOL Module Flight Unit Improved VTOL Module Utility Hacking Suite Hackware Hacking Suite Weapon Mini Grenade Launcher Launcher Mini Grenade Launcher Build | -11 -10 -9 -8 -7 ------- Run | Scr Mat Mat Mat Fac Slots Evolved 6 | . . 2 2 2 Power . | . . . . . Propulsion 4 | . . 2 2 . Utility 2 | . . . . 2 Weapon . | . . . . . Parts Attached 7 | . . 1 . 6 Power . | . . . . . Engine . | . . . . . Core . | . . . . . Reactor . | . . . . . Propulsion 3 | . . . . 3 Treads . | . . . . . Leg . | . . . . . Wheel . | . . . . . Hover . | . . . . . Flight 3 | . . . . 3 Utility 1 | . . . . 1 Device . | . . . . . Storage . | . . . . . Processor . | . . . . . Hackware 1 | . . . . 1 Protection . | . . . . . Artifact . | . . . . . Weapon 3 | . . 1 . 2 Energy Gun . | . . . . . Energy Cannon . | . . . . . Ballistic Gun . | . . . . . Ballistic Cannon . | . . . . . Launcher 3 | . . 1 . 2 Special Weapon . | . . . . . Impact Weapon . | . . . . . Slashing Weapon . | . . . . . Piercing Weapon . | . . . . . Special Melee Weapon . | . . . . . Unidentified Prototypes 1 | . . . . 1 Parts Lost 3 | . . . . 3 Power . | . . . . . Propulsion 1 | . . . . 1 Utility 1 | . . . . 1 Weapon 1 | . . . . 1 Highest Loss Streak 3 | . . . . 3 To Critical Strikes . | . . . . . Average Slot Usage (%) 9 | . . 5 6 15 Flight 1 | . . . . 4 Hackware 2 | . . . . 5 Launcher 4 | . . 5 6 5 Naked Turns 60 | . 18 26 7 9 Heaviest Build 1 | . . 1 1 1 Greatest Support 10 | 3 3 3 3 10 Greatest Overweight (x) . | . . . . . Average Overweight (x) . | . . . . . Largest Inventory Capacity 5 | 5 5 5 5 5 Average Capacity 5 | 5 5 5 5 5 Most Carried 4 | 4 . . 1 2 Average Carried . | 2 . . . . Final Capacity 5 | 5 5 5 5 5 Final Carried 1 | . . . 1 1 Class Distribution -------------------- 100% | Mutant Dominant Class ---------------- Mutant | -9/Materials Mutant | -8/Materials Mutant | -7/Factory Resources | -11 -10 -9 -8 -7 ----------- Run | Scr Mat Mat Mat Fac Matter Collected 200 | 200 . . . . Remotely . | . . . . . Salvage Created . | . . . . . Parts . | . . . . . Haulers Intercepted . | . . . . . Recyclers Shooed . | . . . . . Parts Field Recycled . | . . . . . Retrieved Matter . | . . . . . Parts Self-Destructed . | . . . . . Prevented . | . . . . . Kills | -11 -10 -9 -8 -7 ------- Run | Scr Mat Mat Mat Fac Combat Hostiles Destroyed . | . . . . . Classes Destroyed . | . . . . . Best Kill Streak . | . . . . . Combat Bots Only . | . . . . . Max Kills in Single Turn . | . . . . . Gunslinging . | . . . . . Exploded . | . . . . . Melee . | . . . . . Uniques/NPCs Destroyed . | . . . . . Combat | -11 -10 -9 -8 -7 -------- Run | Scr Mat Mat Mat Fac Damage Taken 839 | . . . 112 727 Core 738 | . . . 112 626 Absorbed by Shields . | . . . . . Core Remaining (%) 94 | 100 100 100 79 . Volleys Fired 6 | . . . 1 5 Largest 1 | . . . 1 1 Hottest 30 | . . . 30 30 Shots Fired 6 | . . . 1 5 Gun . | . . . . . Cannon . | . . . . . Launcher 6 | . . . 1 5 Special . | . . . . . Kinetic . | . . . . . Thermal . | . . . . . Explosive 6 | . . . 1 5 Electromagnetic . | . . . . . Robot Hit Streak . | . . . . . Robot Miss Streak . | . . . . . Penetration Max . | . . . . . Secondary Targets . | . . . . . Shots Hit Robots . | . . . . . Core Hits 1 | . . . . 1 Critical Kills . | . . . . . Critical Parts Destroyed . | . . . . . Critical Strikes . | . . . . . Melee Attacks . | . . . . . Impact . | . . . . . Slashing . | . . . . . Piercing . | . . . . . Sneak Attacks . | . . . . . Combat Hostiles . | . . . . . Follow-up Attacks . | . . . . . Damage Inflicted 21 | . . 1 . 20 Guns . | . . . . . Cannons . | . . . . . Explosions 20 | . . . . 20 Melee . | . . . . . Ramming 1 | . . 1 . . Kinetic . | . . . . . Thermal . | . . . . . Explosive 20 | . . . . 20 Electromagnetic . | . . . . . Impact . | . . . . . Slashing . | . . . . . Piercing . | . . . . . Highest Corruption . | . . . . . Average Corruption . | . . . . . Corruption Purged . | . . . . . Corruption Blocked . | . . . . . Overload Shots . | . . . . . Overflow Damage . | . . . . . Projectiles . | . . . . . Explosions . | . . . . . Melee . | . . . . . Knockbacks . | . . . . . Impact . | . . . . . Kinetic . | . . . . . Secondary . | . . . . . Self-Inflicted Damage 563 | . . . . 563 Shots 8 | . . . . 8 Rammed 1 | . . 1 . . Targets Rammed 1 | . . 1 . . Kicked . | . . . . . Crushed . | . . . . . Highest Temperature 38 | . . . . 38 Average Temperature 14 | . . . . 14 Received Heat Transfer 87 | . . . 63 24 Siege Activations . | . . . . . Robots Corrupted . | . . . . . Combat Hostiles . | . . . . . Parts Fried . | . . . . . Impact Corruptions . | . . . . . Robots Melted . | . . . . . Combat Hostiles . | . . . . . Parts Melted . | . . . . . Heat Transferred . | . . . . . Parts Sabotaged . | . . . . . Parts Stolen . | . . . . . Parts Stripped . | . . . . . Power Chain Reactions . | . . . . . Missiles Intercepted . | . . . . . Alert | -11 -10 -9 -8 -7 ------- Run | Scr Mat Mat Mat Fac Peak Influence 269 | . 15 20 48 269 Initial 21 | . . 5 8 21 Average 94 | . 5 8 41 195 Maximum Alert Level 1 | . . . . 1 Low Security (%) 68 | 100 100 100 100 26 Level 1 31 | . . . . 73 Level 2 . | . . . . . Level 3 . | . . . . . Level 4 . | . . . . . Level 5 . | . . . . . High Security . | . . . . . Max Security . | . . . . . Squads Dispatched 2 | . . . 1 1 Investigation . | . . . . . Extermination . | . . . . . Reinforcement 2 | . . . 1 1 Assault . | . . . . . Garrison . | . . . . . Intercept . | . . . . . Searches Triggered . | . . . . . Construction Impeded . | . . . . . Haulers Reinforced . | . . . . . Active Scanning Responses . | . . . . . Cargo Convoy Interrupts . | . . . . . Stealth | -11 -10 -9 -8 -7 --------- Run | Scr Mat Mat Mat Fac Distress Signals . | . . . . . Communications Jammed . | . . . . . Distress Signals . | . . . . . Times Spotted 14 | . 1 1 4 8 Peak Tracking Total 7 | . 1 1 3 7 Tactical Retreats . | . . . . . Traps | -11 -10 -9 -8 -7 ------- Run | Scr Mat Mat Mat Fac Traps Triggered . | . . . . . Indirectly . | . . . . . Trap Hack Attempts . | . . . . . Triggered . | . . . . . Disarmed . | . . . . . Reprogrammed . | . . . . . Reused . | . . . . . Traps Extracted . | . . . . . Installed . | . . . . . Triggered . | . . . . . Machines | -11 -10 -9 -8 -7 ---------- Run | Scr Mat Mat Mat Fac Machines Disabled 11 | . . . . 11 Max in Single Turn 9 | . . . . 9 Machines Sabotaged . | . . . . . Garrisons Compromised . | . . . . . Overloaded Fab Kills . | . . . . . Hacking | -11 -10 -9 -8 -7 --------- Run | Scr Mat Mat Mat Fac Machines Accessed . | . . . . . Terminals . | . . . . . Fabricators . | . . . . . Repair Stations . | . . . . . Recycling Units . | . . . . . Scanalyzers . | . . . . . Garrison Access . | . . . . . Total Hacks . | . . . . . Successful . | . . . . . Failed . | . . . . . Catastrophic . | . . . . . Database Lockouts . | . . . . . Manual . | . . . . . Terminals . | . . . . . Fabricators . | . . . . . Repair Stations . | . . . . . Recycling Units . | . . . . . Scanalyzers . | . . . . . Garrison Access . | . . . . . Terminal Hacks . | . . . . . Fabricator Hacks . | . . . . . Repair Station Hacks . | . . . . . Recycling Unit Hacks . | . . . . . Scanalyzer . | . . . . . Garrison Access Hacks . | . . . . . Unauthorized Hacks . | . . . . . Terminals . | . . . . . Fabricators . | . . . . . Repair Stations . | . . . . . Recycling Units . | . . . . . Scanalyzers . | . . . . . Garrison Access . | . . . . . Data Cores Recovered . | . . . . . Used . | . . . . . Hacking Detections . | . . . . . Full Trace Events . | . . . . . Feedback Events . | . . . . . Feedback Blocked . | . . . . . Robot Schematics Acquired . | . . . . . Robots Built . | . . . . . Authchips . | . . . . . Time . | . . . . . Total Robot Build Rating . | . . . . . Part Schematics Acquired . | . . . . . Parts Built . | . . . . . Authchips . | . . . . . Time . | . . . . . Total Part Build Rating . | . . . . . Parts Repaired . | . . . . . Time . | . . . . . Parts Recycled . | . . . . . Recycled Matter . | . . . . . Retrieved Matter . | . . . . . Retrieved Components . | . . . . . Parts Scanalyzed . | . . . . . Part Schematics Acquired . | . . . . . Parts Damaged . | . . . . . Bothacking | -11 -10 -9 -8 -7 ------------ Run | Scr Mat Mat Mat Fac Used RIF Installer . | . . . . . Robots Hacked . | . . . . . Non-combat . | . . . . . Combat . | . . . . . Robot Hacks Applied . | . . . . . Relay Couplers Released . | . . . . . Fabnet Peak Effective % . | . . . . . Robots Rewired . | . . . . . Allies Hacked . | . . . . . Hacks Repelled . | . . . . . Allies | -11 -10 -9 -8 -7 -------- Run | Scr Mat Mat Mat Fac Total Allies . | . . . . . Largest Group . | . . . . . Highest-Rated Group . | . . . . . Highest-Rated Ally . | . . . . . Total Orders . | . . . . . Ally Attacks . | . . . . . Total Damage . | . . . . . Kills . | . . . . . Allies Corrupted . | . . . . . Allies Melted . | . . . . . Intel | -11 -10 -9 -8 -7 ------- Run | Scr Mat Mat Mat Fac Robot Analysis Total . | . . . . . Derelict Logs Recovered . | . . . . . Drone Launches . | . . . . . Drone Recoveries . | . . . . . Exploration | -11 -10 -9 -8 -7 ------------- Run | Scr Mat Mat Mat Fac Turns Passed 175 | 3 18 44 35 75 Spaces Moved 319 | 1 35 81 65 137 Core 236 | 1 35 81 65 54 Treads . | . . . . . Legs . | . . . . . Wheels . | . . . . . Hover . | . . . . . Flight 83 | . . . . 83 Fastest Speed 32 | 50 50 50 50 32 Average Speed 45 | 50 50 50 50 40 Slowest Speed 50 | 50 50 50 50 50 Overloaded Moves . | . . . . . Propulsion Burnouts . | . . . . . Robots Hopped . | . . . . . Cave-ins Triggered . | . . . . . Exploration Rate (%) 8 | 2 10 12 11 7 Regions Visited 4 Branch Regions . Pre-discovered Areas . | . . . . . Known Exits Taken . | . . . . . Unknown Exits Taken 4 | 1 1 1 1 . Scrap Searched . | . . . . . Spaces Dug . | . . . . . Terrain Destroyed 71 | . . . 10 61 Melee . | . . . . . Projectile . | . . . . . AOE 71 | . . . 10 61 Terrain Rammed . | . . . . . Walls Destroyed . | . . . . . Machines Disabled . | . . . . . Actions | -11 -10 -9 -8 -7 --------- Run | Scr Mat Mat Mat Fac Total 338 | 5 34 83 66 150 Wait 1 | . . 1 . . Move 315 | . 34 80 64 137 Hop . | . . . . . Pick Up 1 | . . . . 1 Fast Attach 5 | . . 1 . 4 Attach 2 | . . . . 2 Detach 2 | . . . 1 1 Swap . | . . . . . Drop 5 | 5 . . . . Fire 6 | . . . 1 5 Melee . | . . . . . Ram 1 | . . 1 . . Kick . | . . . . . Crush . | . . . . . Escape Stasis . | . . . . . Rewire . | . . . . . Trap . | . . . . . Miscellaneous . | . . . . . Route ------- -11/Scrapyard -10/Materials -9/Materials -8/Materials -7/Factory History --------- Turn | Location | Event 1 | -11/Scrapyard | Released all parts (6) 4 | -11/Scrapyard | Discovered new exit (range 0) 4 | -11/Scrapyard | Entered Materials 20 | -10/Materials | Discovered new exit (range 5) 22 | -10/Materials | Entered another Materials area 22 | -9/Materials | Evolved 2 slots: Propulsion x2 60 | -9/Materials | Discovered new exit (range 12) 66 | -9/Materials | Entered another Materials area 66 | -8/Materials | Evolved 2 slots: Propulsion x2 93 | -8/Materials | Discovered new exit (range 16) 101 | -8/Materials | Entered Factory 101 | -7/Factory | Evolved 2 slots: Utility x2 115 | -7/Factory | Core integrity fell below 50% 157 | -7/Factory | Core integrity fell below 20% 176 | -7/Factory | Self-destructed Last Messages --------------- 00118_ The unstable cave ceiling collapses. 00118_ Acquired Hacking Suite. 00118_ K-01 Serf collects debris. 00121_ O-24 Administrator: "IFF HANDSHAKE FAILED. SECURING TERMINAL." 00121_ K-01 Serf collects debris. 00124_ ALERT: All DSF locations entering lockdown mode. 00124_ O-24 Administrator uses terminal to summon reinforcements. 00124_ ALERT: Hostiles spotted, dispatching reinforcements to Terminal F015. 00124_ O-24 Administrator locks terminal. 00127_ K-01 Serf collects debris. 00131_ Acquired Cesium-ion Thruster. 00142_ Subcomponent Replicator disabled. 00150_ Acquired Imp. Medium Armor Plating. 00158_ Cesium-ion Thruster destroyed. 00161_ Acquired Prototype Flight Unit. 00161_ Identified Imp. VTOL Module. 00163_ Acquired Imp. VTOL Module. 00164_ Hacking Suite destroyed. 00173_ Mni. Grenade Launcher destroyed. Map ----- +----------------------------------------------------+ | ???#??###+##### #############??????????????????? | | ???# ## #?# ????????????????? | | ???# # ### ???????????????? | | ???# """ ???????????????? | | ????## ### "Y "???????????????? | | ????# ] #?###### """ "???????????????? | | ????## ########### "???????????????? | | ????# # ""??????????????? | | ????# !! # ""??????????????? | | ????# !!! """ + """?????????????? | | ????# ! """ # ????????????? | | ????# """ # ????????????????? | | ????# + #???????????????????????? | | ????##################+#######???????????????????? | | ????????????????# #???????????????????? | | ????????????????# #???????????????????? | | ????????????????# """ """ #???????????????????? | | ????????????????# """ """ #???????????????????? | | ????????????????# """ """ #???????????????????? | | ????????????????# s s #???????????????????? | | ????????????????# """ """ #???????????????????? | | ????????????????# """s""" #???????????????????? | | ????????????????# """ """ #???????????????????? | | ????????????????# #???????????????????? | | ????????????????# ! #???????????????????? | | ????????????????# @ #???????????????????? | | ????????????????##### ####???????????????????? | | ????????????????????### ##??????????????????????? | | ??????????????????????####???????????????????????? | | ?????????????????????????????????????????????????? | | ?????????????????????????????????????????????????? | | ?????????????????????????????????????????????????? | | ?????????????????????????????????????????????????? | | ?????????????????????????????????????????????????? | | ?????????????????????????????????????????????????? | | ?????????????????????????????????????????????????? | | ?????????????????????????????????????????????????? | | ?????????????????????????????????????????????????? | | ?????????????????????????????????????????????????? | | ?????????????????????????????????????????????????? | | ?????????????????????????????????????????????????? | | ?????????????????????????????????????????????????? | | ?????????????????????????????????????????????????? | | ?????????????????????????????????????????????????? | | ?????????????????????????????????????????????????? | | ?????????????????????????????????????????????????? | | ?????????????????????????????????????????????????? | | ?????????????????????????????????????????????????? | | ?????????????????????????????????????????????????? | | ?????????????????????????????????????????????????? | +----------------------------------------------------+ Best States ------------- Heat Dissipation 34 Energy Generation 5 Energy Capacity 100 Matter Stores 300 Matter Capacity 300 Sight Range 16 Terrain Scan Density 10 Evasion (%) 63 Offensive Hacking 10 Item Schematics ----------------- None Robot Schematics ------------------ None Fabricated ------------ Nothing Alien Tech Used ----------------- None Achievements -------------- None Challenges ------------ None Game ------ Seed helloworld Manual? 1 Play Time 00:06:56 Cumulative 251.2 hours Start 2022.05.12 @ 22:12:27 End 2022.05.12 @ 22:17:03 Sessions 1 Manual Loads 0 Difficulty Rogue Special Mode None Game No. 362 Rogue 359 Adventurer 0 Explorer 3 Win Type - Total 8 Types 8/0/0/0/0/0/0/0/0 Lore% 71 Gallery% 75 Achievement% 62 Wizard Run 0 Options --------- ASCII 1 Keyboard 1 Movement Numpad Keybinds 0 Fullscreen 1 Font 18/SmallcapsGlow Map View 76x50 Tactical HUD 1 Map Filters NONE Filters NONE Steam 1 RUN: bde5f13e-f6d2-43b5-a447-cb7aa9a10c72